Unix NetHack Version 3.7.0-59 Work-in-progress - last build Jun 2 2022 03:59:05 (05420cef104f2102be295c3e72b2481733d3ab8f,branch:master). Game began 2022-06-04 05:57:39, ended 2022-06-04 06:02:55. hackemslashem, neutral male human Wizard -------------- |.....<......| |............. -----.----- -- ------- # ####......| # # |..^..| # # #......| # #############------- ----.------.--- ### -------# |.............-# # |......# |.............|########----- # #-.....| |.............+####%###|.... # #|.....| |..*.....)....| #-^.B| . # #|.....| |...>.........| #|....# # ####|.....| --------------- |...|##'# ## |.....| -----##@############### ------- ############## Hackemslashem the Conjurer St:9 Dx:10 Co:16 In:18 Wi:13 Ch:8 Neutral Dlvl:5 $:35 HP:0(30) Pw:13(36) AC:9 Exp:3 T:954 Latest messages: In what direction? The spell misses the jackal. You miss the jackal. The jackal bites! You kill the jackal! You see here a jackal corpse. You see here a jackal corpse. There is a jackal corpse here; eat it? [ynq] (n) This jackal corpse tastes okay. You finish eating the jackal corpse. You feel a wrenching sensation. There is nothing here to pick up. You see here a looking glass. B - a looking glass. The paper golem hits! The paper golem hits! You hit the paper golem! The paper golem hits! In what direction? The spell misses the paper golem. The paper golem hits! In what direction? The spell hits the paper golem. The paper golem hits! In what direction? The spell hits the paper golem! The paper golem hits! In what direction? The spell hits the paper golem! You destroy the paper golem! C - an unlabeled scroll. The bat bites! You miss the bat. The bat bites! In what direction? The spell hits the bat! You kill the bat! You hit the straw golem. The straw golem hits! The straw golem hits! The straw golem hits! The straw golem hits! The straw golem hits! The straw golem hits! The straw golem hits! The straw golem hits! The straw golem hits! The straw golem hits! You die... Do you want your possessions identified? [ynq] (y) Major events: Turn 1: hackemslashem the neutral male human Wizard entered the dungeon 475: entered the Gnomish Mines 786: averted death (killed by a gecko) 812: attained the rank of Conjurer (level 3) 954: killed by a straw golem Inventory: Coins $ - 35 gold pieces Weapons a - a blessed +1 quarterstaff (weapon in hands) Armor w - an uncursed +0 alchemy smock with text "Gehennom's Kitchen" b - an uncursed +0 cloak of magic resistance (being worn) Comestibles p - 2 uncursed food rations v - an uncursed tripe ration x - an uncursed gecko corpse Scrolls C - an uncursed scroll of blank paper t - an uncursed scroll of identify j - a blessed scroll of light r - a cursed scroll of light i - 2 uncursed scrolls of remove curse Spellbooks k - a blessed spellbook of force bolt l - an uncursed spellbook of light Potions f - an uncursed potion of object detection h - an uncursed potion of sickness q - a cursed potion of speed g - an uncursed potion of water y - an uncursed potion of water Rings d - an uncursed ring of teleport control e - an uncursed ring of teleportation Wands c - an uncursed wand of cold (0:4) m - an uncursed wand of create monster (0:11) z - an uncursed wand of make invisible (0:7) Tools u - an uncursed bag of tricks (0:16) B - an uncursed mirror A - an uncursed oil lamp Hackemslashem the Wizard's attributes: Background: You were a Conjurer, a level 3 male human Wizard. You were neutral, on a mission for Thoth who was opposed by Ptah (lawful) and Anhur (chaotic). You were in the Dungeons of Doom, on level 5. You entered the dungeon 954 turns ago. You had 62 experience points, 18 more were needed to attain level 4. Basics: You had 0 out of 30 hit points. You had 13 out of 36 energy points (spell power). Your armor class was 9. Your wallet contained 35 zorkmids. Autopickup was on for '$?!="/' plus thrown, with exceptions. Final Characteristics: Your strength was 9 (limit:18/100). Your dexterity was 10 (limit:18). Your constitution was 16 (peak:17, limit:18). Your intelligence was 18 (limit:18). Your wisdom was 13 (limit:18). Your charisma was 8 (limit:18). Final Status: You were not hungry. You were unencumbered. You were wielding a quarterstaff. You had basic skill with quarterstaff. Final Attributes: You were devoutly aligned. You were magic-protected. You were warded. You are dead (2nd time!). Miscellaneous: You disabled loading of bones levels. Total elapsed playing time was 5 minutes and 16 seconds. Vanquished creatures: a paper golem a green mold 2 gnomes 2 geckos 6 jackals a kobold a sewer rat 3 grid bugs a bat a lichen a kobold zombie 3 newts 23 creatures vanquished. No species were genocided or became extinct. Voluntary challenges: You were an atheist. You read items or engraved 2 times. You never engraved Elbereth. You never genocided any monsters. You never polymorphed an object. You never changed form. You used no wishes. Achievements: You entered the Gnomish Mines. You attained the rank of Conjurer. The Dungeons of Doom: levels 1 to 5 Level 1: A sink. Level 2: A fountain. Stairs down to The Gnomish Mines. Level 3: Level 4: A fountain. Level 5: <- You were here. Final resting place for you, killed by a straw golem. The Gnomish Mines: Level 3: Game over: ---------- / \ / REST \ / IN \ / PEACE \ / \ | hackemslashem | | 35 Au | | killed by a | | straw golem | | | | | | 2022 | *| * * * | * _________)/\\_//(\/(/\)/\//\/|_)_______ Goodbye hackemslashem the Wizard... You died in The Dungeons of Doom on dungeon level 5 with 490 points, and 35 pieces of gold, after 954 moves. You were level 3 with a maximum of 30 hit points when you died.